 Dungeon Crawl Stone Soup version 0.28-a0-1387-g3a22ab9bdc (webtiles) character file.

Game seed: 12108129936652245420

1 browni3141 the Skirmisher (level 1, -2/18 HPs)
             Began as a Mummy Monk on Jan 3, 2022.
             Slain by a kobold (5 damage)
             ... on level 1 of the Dungeon.
             The game lasted 00:00:43 (107 turns).

browni3141 the Skirmisher (Mummy Monk)               Turns: 107, Time: 00:00:43

Health: -2/18      AC:  0    Str: 14    XL:     1   Next: 16%
Magic:  1/1        EV: 12    Int:  9    God:
Gold:   10         SH:  0    Dex: 14    Spells: 0/0 levels left

rFire   x . .      SeeInvis .     - Unarmed
rCold   + . .      Faith    .   (no shield)
rNeg    + + +      Spirit   .   (no armour)
rPois   ∞          Reflect  .   (no helmet)
rElec   .          Harm     .   (no cloak)
rCorr   .          Rampage  .   (no gloves)
Will    .....                   (no boots)
Stlth   ++........              (no amulet)
HPRegen 0.06/turn               (no ring)
MPRegen 0.07/turn               (no ring)

@: no status effects
A: cold resistance 1, negative energy resistance 3, torment resistance 2, heat
vulnerability 1, no potions
a: no special abilities


You were on level 1 of the Dungeon.
You visited 1 branch of the dungeon, and saw 1 of its levels.

You collected 10 gold pieces.

Inventory:

Jewellery
 a - a ring of willpower
Scrolls
 b - a scroll of silence {unknown}


   Skills:
 - Level 3.0 Fighting
 - Level 2.4 Dodging
 - Level 1.5 Stealth
 * Level 2.5 Unarmed Combat


You couldn't memorise any spells.
You didn't know any spells.
Your spell library was empty.

Dungeon Overview and Level Annotations

Branches:
Dungeon (1/15)

Altars:


Innate Abilities, Weirdness & Mutations

You are immune to poison.
Your flesh is cold resistant. (rC+)
You are immune to negative energy. (rN+++)
You are immune to unholy pain and torment.
You are vulnerable to heat. (rF-)
You do not drink.


Message History

Found a sedimented grey potion.
A rat comes into view.
Found a scroll labelled WUCEBB IKLI and a glowing dagger.
You closely miss the rat. You hit the rat.
You kill the rat!
No target in view!
b - a scroll labelled WUCEBB IKLI
Found a ring mail.
A kobold comes into view. It is wielding a +0 whip.
A kobold is nearby!
A goblin and a kobold come into view.
The kobold hits you with a +0 whip.
You barely miss the kobold.
The kobold shouts!
The kobold hits you with a +0 whip.
You hit the kobold.
The kobold is moderately wounded.
The kobold hits you with a +0 whip.
A rat comes into view.
The rat moves out of view.
The kobold barely misses you.
You are too injured to fight recklessly!
You closely miss the kobold.
The kobold is moderately wounded.
You hit the kobold.
You kill the kobold!
You barely miss the kobold. The kobold misses you.
You miss the kobold. The kobold hits you with a +0 club.
* * * LOW HITPOINT WARNING * * *
You closely miss the kobold. The kobold closely misses you.
You barely miss the kobold. The kobold closely misses you.
You see here a sedimented grey potion.
You closely miss the kobold. The kobold hits you with a +0 club.
* * * LOW HITPOINT WARNING * * *
You closely miss the kobold. The kobold barely misses you.
You barely miss the kobold. The kobold hits you with a +0 club.
* * * LOW HITPOINT WARNING * * *
You barely miss the kobold. The kobold hits you with a +0 club.
You die...

#........## ......
#......g# .... ..
#[......## ###+###
##.###...### #.....#
#.#####...# #.....# #..#
###.# #..<..# ##.# ####.#
#.....#
#.###....#######.....#
#........##gK@.###'#####.>
###.........######........
#.......#....#....##....
###..)....####...#........
....................####...
..###.......########## .
#.......# #.......#
##.....##


You could see a goblin and a kobold.

Vanquished Creatures
  A kobold (D:1)
  A rat (D:1)
2 creatures vanquished.

Vanquished Creatures (others)
  2 plants (D:1)
2 creatures vanquished.

Grand Total: 4 creatures vanquished

Notes
Turn   | Place    | Note
-------+----------+-------------------------------------------
     0 | D:1      | browni3141 the Mummy Monk began the quest for the Orb.
     0 | D:1      | Reached XP level 1. HP: 18/18 MP: 1/1
   107 | D:1      | Slain by a kobold

Illustrated notes

Levels and vault maps discovered:
D:1:      minmay_arrival_checkered_box, layout_rooms,
          hellmonk_ecumenical_altar_pennies_from_heaven,
          chequers_serial_rivers_micro_c, kennysheep_boxes

Action                   || total
-------------------------++-------
Melee: Unarmed           ||    14
Dodge: Dodged            ||     5

Table legend: (Time is in decaauts)
 A = Elapsed time spent in this place.
 B = Non-inter-level travel time spent in this place.
 C = Inter-level travel time spent in this place.
 D = Time resting spent in this place.
 E = Time spent auto-exploring this place.
 F = Levels seen in this place.
 G = Mean time per level.
                   A        B        C        D        E       F      G
               +--------+--------+--------+--------+--------+-----+--------+
         Total |    106 |    106 |      0 |      0 |     48 |   1 |  106.0 |
       Dungeon |    106 |    106 |      0 |      0 |     48 |   1 |  106.0 |
               +--------+--------+--------+--------+--------+-----+--------+

Top non-repeatable levels by time:
     D:1: 106 daAuts
